Map: Coda EC

Players

Remuko - Winner!

  • Race: Zerg Zerg
  • League: Grandmaster

AgCl

  • Race: Protoss Protoss
  • League: Grandmaster

VOD

Have the link to the VOD?

Description

Time

  • Played on: July 12, 2015, 6:39 p.m.
  • Length: 12:07
Show
View Real Time Build Order
Export as new Build Order

Remuko Zerg - Winner!

Build Orders: Hatch First 

Get SALT Encoding   

  12  0:02  Drone  
  13  0:14  Overlord  
  13  0:22  Drone  
  14  0:35  Drone x2  
  16  0:36  Drone  
  17  0:47  Drone  
  18  1:07  Hatchery, Drone  
  18  1:15  Spawning Pool  
  17  1:21  Drone  
  17  1:22  Drone  
  19  1:31  Overlord  
  19  1:41  Extractor  
  19  1:44  Drone  
  19  1:53  Drone  
  20  2:02  Queen  
  20  2:03  Zergling x2  
  23  2:16  Drone  
  24  2:24  Queen  
  24  2:26  Drone  
  24  2:27  Drone  
  28  2:30  Hatchery  
  28  2:35  Zergling x4  
  29  2:56  Drone x3  
  32  3:03  Metabolic Boost  
  32  3:07  Overlord  
  32  3:10  Drone  
  33  3:15  Overlord  
  33  3:22  Drone x2  
  33  3:23  Drone  
  36  3:31  Roach Warren  
  35  3:39  Drone x2  
  35  3:40  Drone x2  
  38  3:54  Spore Crawler  
  37  3:55  Drone, Spore Crawler  
  37  3:56  Drone x3  
  37  4:00  Spore Crawler  
  37  4:02  Spore Crawler  
  38  4:05  Drone  
  38  4:06  Drone  
  40  4:13  Drone x2  
  40  4:14  Spore Crawler  
  40  4:15  Drone  
  42  4:19  Drone, Extractor  
  42  4:20  Extractor  
  42  4:23  Drone x2  
  43  4:27  Drone  
  43  4:29  Overlord  
  44  4:32  Extractor  
  44  4:34  Drone x2  
  44  4:35  Drone  
  46  4:44  Lair  
  46  4:49  Drone x3  
  46  4:50  Drone x2  
  51  4:53  Drone x2  
  51  4:57  Overlord  
  53  5:08  Zergling x2  
  53  5:09  Zergling x12  
  60  5:16  Zergling x8  
  64  5:33  Drone x7  
  64  5:34  Drone  
  72  5:42  Evolution Chamber  
  72  5:43  Drone x2  
  72  5:45  Evolution Chamber, Glial Reconstitution  
  72  5:50  Drone  
  72  5:51  Drone  
  72  5:52  Hydralisk Den  
  73  5:59  Overlord x4  
  72  6:24  Spire  
  68  6:29  Zergling x4  
  68  6:30  Zergling x8  
  72  6:34  Hydralisk  
  72  6:35  Hydralisk x4  
  82  6:40  Pneumatized Carapace  
  82  6:41  Hydralisk x2  
  82  6:43  Extractor  
  82  6:44  Hydralisk  
  82  6:45  Extractor  
  84  6:55  Hydralisk x3  
  89  7:06  Hydralisk x3  
  92  7:15  Drone x5  
  97  7:17  Overlord x4  
  95  7:30  Roach  
  88  7:38  Mutalisk x2, Corruptor x2  
  88  7:39  Corruptor  
  90  7:46  Roach x3  
  86  7:54  Hydralisk  
  86  8:00  Roach x2  
  90  8:08  Hydralisk  
  90  8:09  Hydralisk x2  
  94  8:16  Zergling x2  
  93  8:24  Hydralisk x2  
  89  8:27  Roach  
  89  8:33  Roach x2, Queen  
  85  8:39  Corruptor  
  85  8:40  Corruptor x5  
  90  8:44  Queen  
  90  8:48  Roach x2  
  91  8:53  Roach  
  85  9:01  Hydralisk  
  85  9:02  Hydralisk x2  
  64  9:20  Drone x2  
  64  9:21  Drone x5  
  69  9:35  Roach x2  
  69  9:36  Roach  
  65  9:47  Drone x4  
  65  9:48  Drone  
  70  9:55  Drone x3  
  70  9:56  Drone  
  70  9:57  Drone  
  75  10:05  Zergling x6  
  75  10:06  Zergling x2  
  79  10:11  Zergling x2  
  80  10:26  Hydralisk, Roach x4  
  80  10:27  Hydralisk, Roach  
  94  10:41  Hydralisk x2  
  97  10:43  Overlord x3  
  96  10:53  Muscular Augments  
  90  11:15  Hydralisk x5  
  90  11:16  Hydralisk x2  
  88  11:26  Hydralisk x3  
  88  11:32  Hydralisk x2  
  90  11:35  Ravager  
  90  11:36  Ravager x2  
  90  11:37  Roach  
Show
View Real Time Build Order
Export as new Build Order

AgCl Protoss 

Build Orders: Oracle Opening, Carrier Rush 

Get SALT Encoding   

  12  0:02  Probe  
  13  0:24  Probe  
  13  0:27  Pylon  
  14  0:32  Assimilator  
  14  0:45  Gateway  
  14  0:46  Probe (Chrono Boost)  
  16  0:59  Probe (Chrono Boost), Pylon  
  16  1:05  Probe (Chrono Boost)  
  17  1:16  Probe (Chrono Boost)  
  18  1:24  Probe (Chrono Boost)  
  19  1:26  Assimilator  
  19  1:32  Zealot (Chrono Boost)  
  21  1:33  Probe  
  22  1:51  Cybernetics Core  
  22  1:55  Probe  
  23  2:07  Probe  
  24  2:26  Nexus  
  24  2:31  Probe  
  25  2:43  Probe  
  26  2:47  Stargate  
  24  2:51  Pylon  
  25  3:00  Mothership Core (Chrono Boost)  
  26  3:09  Warp Gate  
  26  3:14  Probe (Chrono Boost)  
  26  3:15  Assimilator  
  27  3:24  Probe (Chrono Boost)  
  28  3:30  Pylon  
  28  3:32  Probe  
  32  3:43  Probe  
  35  3:52  Gateway  
  35  3:54  Oracle  
  36  3:57  Pylon  
  37  4:03  Probe (Chrono Boost)  
  35  4:12  Probe (Chrono Boost)  
  35  4:13  Probe (Chrono Boost)  
  36  4:17  Fleet Beacon  
  36  4:22  Probe (Chrono Boost)  
  37  4:29  Probe (Chrono Boost)  
  37  4:30  Probe (Chrono Boost)  
  39  4:36  Assimilator  
  39  4:37  Probe (Chrono Boost)  
  40  4:39  Probe (Chrono Boost)  
  41  4:51  Probe (Chrono Boost)  
  41  4:52  Carrier (Chrono Boost)  
  43  4:55  Probe (Chrono Boost)  
  43  4:59  Probe (Chrono Boost)  
  44  5:02  Probe (Chrono Boost)  
  45  5:08  Probe  
  45  5:13  Probe  
  47  5:20  Probe  
  54  5:23  Pylon  
  54  5:24  Graviton Catapult (Chrono Boost)  
  54  5:25  Probe  
  55  5:31  Gateway  
  55  5:32  Probe  
  56  5:37  Probe  
  56  5:38  Protoss Air Weapons Level 1 (Chrono Boost)  
  57  5:48  Carrier (Chrono Boost)  
  57  5:52  Gateway  
  57  6:00  Gateway, Pylon  
  63  6:08  Gateway  
  63  6:20  Stargate  
  63  6:24  Adept x2  
  67  6:34  Carrier (Chrono Boost)  
  67  6:36  Pylon  
  67  6:43  Adept  
  68  6:52  Adept  
  68  6:53  Adept  
  74  6:54  Carrier (Chrono Boost)  
  74  6:59  Probe, Pylon  
  72  7:17  Adept  
  74  7:29  Adept x2  
  75  7:37  Adept x2  
  75  7:41  Adept x2  
  69  7:53  Adept x2  
  73  7:58  Protoss Air Weapons Level 2 (Chrono Boost)  
  73  8:01  Adept  
  75  8:08  Adept  
  75  8:11  Adept  
  77  8:18  Stalker  
  77  8:29  Stalker x2  
  77  8:32  Stalker  
  69  8:43  Carrier (Chrono Boost)  
  73  9:13  Zealot x2  
  73  9:14  Zealot  
  63  9:25  Adept x2, Zealot  
  51  9:58  Void Ray (Chrono Boost)  
  55  10:12  Void Ray (Chrono Boost)  
  59  10:18  Pylon  
  59  10:31  Void Ray (Chrono Boost)  
  62  10:37  Nexus  
  62  10:38  Pylon  
  62  10:39  Adept  
  60  10:54  Phoenix (Chrono Boost)  
  62  11:08  Void Ray (Chrono Boost)  
  34  11:37  Adept  
  34  11:38  Adept  
Tags
 
Add a new tag
Caveats
  • Supply blocks, unpowered buildings, or Contaminate may cause inaccurate times.
  • Supply counts are checked every 10 seconds.